 Dungeon Crawl Stone Soup version 0.28-a0-1518-gbe868bca14 (webtiles) character file.

Game seed: 2006704028390758063

5315 mandarbmax the Cruncher (level 10, -3/71 HPs)
             Began as a Formicid Fighter on Jan 16, 2022.
             Was a Priest of Nemelex Xobeh.
             Slain by a two-headed ogre (10 damage)
             ... on level 9 of the Dungeon.
             The game lasted 00:25:03 (6882 turns).

mandarbmax the Cruncher (Formicid Fighter)          Turns: 6882, Time: 00:25:06

Health: -3/71      AC: 18    Str: 22    XL:     10   Next: 95%
Magic:  15/15      EV:  7    Int: 13    God:    Nemelex Xobeh [***...]
Gold:   169        SH: 11    Dex: 14    Spells: 9/9 levels left

rFire   . . .      SeeInvis +   a - +0 quarterstaff
rCold   . . .      Faith    .   g - +0 kite shield
rNeg    + . .      Spirit   .   D - +2 chain mail {rN+}
rPois   .          Reflect  .   (helmet unavailable)
rElec   .          Harm     .   (no cloak)
rCorr   .          Rampage  .   f - +2 pair of gloves
Will    +++..                   y - +1 pair of boots
Stlth   ..........              i - amulet of regeneration
HPRegen 1.01/turn               k - +6 ring of intelligence
MPRegen 0.14/turn               B - ring of willpower

@: no status effects
A: permanent stasis, dig shafts and tunnels, antennae 3, four strong arms,
strong-willed 1
a: Dig, Shaft Self, Renounce Religion, Draw Escape, Draw Destruction, Draw
Summoning, Triple Draw


You were on level 9 of the Dungeon.
You worshipped Nemelex Xobeh.
Nemelex Xobeh was most pleased with you.
You visited 2 branches of the dungeon, and saw 10 of its levels.

You collected 386 gold pieces.
You spent 217 gold pieces at shops.

Inventory:

Hand Weapons
 a - a +0 quarterstaff (weapon)
Missiles
 j - a throwing net (quivered)
 o - 11 poisoned darts
 q - 3 javelins
 A - 6 boomerangs of dispersal
 E - 5 boomerangs
Armour
 f - a +2 pair of gloves (worn)
 g - a +0 kite shield (worn)
 y - a +1 pair of boots (worn)
 D - a +2 chain mail of positive energy (worn)
 G - a +0 scale mail of fire resistance
Jewellery
 i - an amulet of regeneration (around neck)
 k - a +6 ring of intelligence (left hand)
 B - a ring of willpower (right hand)
Wands
 t - a wand of flame (10)
 u - a wand of digging (4)
 x - a wand of charming (10)
 C - a wand of mindburst (15)
Scrolls
 c - 2 scrolls of fog {unknown}
 d - 2 scrolls of fear
 e - 2 scrolls of immolation {unknown}
 r - a scroll of vulnerability {unknown}
 s - a scroll of enchant weapon {unknown}
 v - a scroll of summoning
 w - a scroll of magic mapping
Potions
 b - 5 potions of curing
 h - 3 potions of mutation
 l - a potion of cancellation
 n - 2 potions of heal wounds
 p - 2 potions of flight {unknown}
 z - 2 potions of lignification {unknown}
 F - 2 potions of haste {unknown}


   Skills:
 - Level 4.0 Fighting
 * Level 10.6 Staves
 + Level 7.3 Armour
 + Level 9.2 Shields
 + Level 7.6 Invocations


You had 9 spell levels left.
You didn't know any spells.
Your spell library contained the following spells:

 Spells                   Type           Power      Damage    Failure   Level
 Animate Skeleton         Necr           0%         N/A       99%         1
 Apportation              Tloc           0%         N/A       99%         1
 Shock                    Conj/Air       0%         1d3       99%         1
 Summon Small Mammal      Summ           0%         N/A       99%         1
 Confusing Touch          Hex            0%         N/A       100%        3
 Gell's Gravitas          Tloc           0%         N/A       100%        3
 Inner Flame              Hex/Fire       0%         N/A       100%        3
 Teleport Other           Tloc           0%         N/A       100%        3
 Airstrike                Air            0%         N/A       100%        4
 Cause Fear               Hex            0%         N/A       100%        4
 Hailstorm                Conj/Ice       0%         3d3       100%        4
 Ice Form                 Ice/Tmut       0%         N/A       100%        4
 Yara's Violent Unravell  Hex/Tmut       0%         3d3       100%        5
 Dispersal                Tloc           0%         N/A       100%        6
 Simulacrum               Ice/Necr       0%         N/A       100%        6
 Enfeeble                 Hex            0%         N/A       100%        7
 Discord                  Hex            0%         N/A       100%        8
 Swiftness                Air            Unusable   N/A       N/A         3

Dungeon Overview and Level Annotations

Branches:
Dungeon (9/15)             Temple (1/1) D:4             Orc (0/2) D:9
   Lair: D:8-11

Altars:
Cheibriados
Elyvilon
Fedhas
Gozag
Kikubaaqudgha
Makhleb
Nemelex Xobeh
Okawaru
Sif Muna
Trog
Uskayaw
Vehumet
Wu Jian
Xom
Beogh

Shops:
D:1 !   D:3 ?[**?


Innate Abilities, Weirdness & Mutations

You cannot be hasted, slowed, berserked, paralysed or teleported.
You can dig through walls and to a lower floor.
You have a pair of large antennae on your head. (SInv)
Your four strong arms can wield two-handed weapons with a shield.
You are strong-willed. (Will+)


Message History

The atropa-tipped dart completely misses the two-headed ogre.
The centaur shouts!
You throw an atropa-tipped dart.
The atropa-tipped dart hits the two-headed ogre.
The two-headed ogre resists.
You throw an atropa-tipped dart.
The atropa-tipped dart hits the two-headed ogre.
The two-headed ogre resists.
The centaur wields a +0 shortbow.
The centaur shoots an arrow.
You block the arrow.
Okay, then.
You barely miss the two-headed ogre.
The two-headed ogre hits you with a +0 giant spiked club!
The two-headed ogre hits you with a +0 giant club!
You sock the two-headed ogre!
The two-headed ogre is moderately wounded.
You closely miss the two-headed ogre.
The two-headed ogre is moderately wounded.
The centaur unwields a +0 shortbow.
You block the centaur's attack.
The centaur kicks you but does no damage.
The two-headed ogre hits you but does no damage.
The two-headed ogre hits you with a +0 giant club!
The centaur hits you but does no damage.
You block the centaur's attack.
You hit the two-headed ogre but do no damage.
The two-headed ogre is moderately wounded.
The centaur barely misses you.
The centaur kicks you but does no damage.
You block the two-headed ogre's attack. x2
You hit the two-headed ogre.
The two-headed ogre is moderately wounded.
You block the centaur's attack.
The centaur kicks you but does no damage.
You sock the two-headed ogre!
The two-headed ogre is heavily wounded.
You block the centaur's attack. The centaur barely misses you.
The two-headed ogre hits you with a +0 giant spiked club!!
* * * LOW HITPOINT WARNING * * *
The two-headed ogre hits you with a +0 giant club!
You die...
Your body glows slightly and disappears.

......(....
....(.... ........
...... .. #....#
..... #..(.# ..
..... #..Oc#...
#...####..@.#.#
.#.............###
>................#
..................#
..................#
..................#
.......#.......#...
.......#.......#...
.......#.......# ..


You could see a two-headed ogre and a centaur.

Vanquished Creatures
  Pikel (D:6)
  Maggie (D:8)
  Grinder (D:5)
  A steam dragon (D:4)
  Duvessa (D:6)
  4 water moccasins
  5 orc warriors
  2 sky beasts (D:7)
  3 centaurs (D:7)
  2 ogres (D:5)
  Blork the orc (D:5)
  4 lemures (D:6)
  A kobold brigand (D:5)
  4 bullfrogs
  A scorpion (D:7)
  Dowan (D:6)
  A water moccasin skeleton (D:4)
  7 killer bees
  2 howler monkeys (D:7)
  A centaur zombie (D:7)
  2 jellies
  2 gnoll shamans
  2 orc priests
  A hound (D:3)
  A centaur skeleton (D:7)
  2 iguanas
  Ijyb (D:5)
  7 orc wizards
  A hound skeleton (D:5)
  A howler monkey zombie (D:6)
  Robin (D:2)
  7 gnolls
  4 adders
  2 shadow imps (D:8)
  An adder skeleton (D:4)
  3 worms
  7 dart slugs
  24 orcs
  6 ball pythons
  6 bats
  5 endoplasms
  2 giant cockroaches
  18 goblins
  6 hobgoblins
  9 kobolds
  3 quokkas
  4 frilled lizards
  4 rats
176 creatures vanquished.

Vanquished Creatures (collateral kills)
  A harpy (D:8)
  A polar bear (D:8)
  A yak (D:8)
  3 orc priests (D:9)
  14 orcs (D:9)
20 creatures vanquished.

Vanquished Creatures (others)
  A kobold (D:4)
1 creature vanquished.

Grand Total: 197 creatures vanquished

Notes
Turn   | Place    | Note
-------+----------+-------------------------------------------
     0 | D:1      | mandarbmax the Formicid Fighter began the quest for the
                  | Orb.
     0 | D:1      | Reached XP level 1. HP: 18/18 MP: 1/1
    15 | D:1      | Found Moledus's Distillery.
    75 | D:1      | Reached XP level 2. HP: 12/24 MP: 2/2
   569 | D:1      | Reached XP level 3. HP: 23/29 MP: 3/3
  1159 | D:2      | Reached skill level 3 in Staves
  1161 | D:2      | Noticed Robin
  1165 | D:2      | Reached XP level 4. HP: 33/37 MP: 4/4
  1571 | D:2      | Killed Robin
  1607 | D:2      | Found a bloodstained altar of Trog.
  1738 | D:2      | Found a faded altar of an unknown god.
  1864 | D:2      | Reached XP level 5. HP: 42/42 MP: 5/5
  1945 | D:3      | Found Achuczoatt's Assorted Antiques.
  1953 | D:3      | Reached skill level 4 in Staves
  1983 | D:3      | Found Edooxih's General Store.
  2014 | D:3      | Found Ocobbi's Magic Scroll Shop.
  2094 | D:3      | Bought a potion of heal wounds for 65 gold pieces
  2107 | D:3      | Found Boutonae's Antique Armour Boutique.
  2163 | D:3      | Noticed a water moccasin
  2173 | D:3      | Killed a water moccasin
  2174 | D:3      | Reached XP level 6. HP: 46/48 MP: 6/6
  2179 | D:3      | Found Faih's Magic Scroll Shop.
  2477 | D:4      | Found a staircase to the Ecumenical Temple.
  2499 | D:4      | Reached skill level 5 in Staves
  2510 | Temple   | Entered the Ecumenical Temple
  2643 | Temple   | Became a worshipper of Nemelex Xobeh the Trickster
  2866 | D:4      | Reached skill level 5 in Shields
  2866 | D:4      | Noticed a steam dragon
  2869 | D:4      | Reached skill level 1 in Invocations
  2894 | D:4      | Killed a steam dragon
  2895 | D:4      | Reached XP level 7. HP: 16/54 MP: 6/8
  3641 | D:5      | Entered Level 5 of the Dungeon
  3790 | D:4      | Reached skill level 6 in Staves
  3945 | D:5      | Noticed Ijyb
  3945 | D:5      | Noticed Grinder
  3957 | D:5      | Killed Ijyb
  3967 | D:5      | Gained mutation: You are strong-willed. (Will+) [potion of
                  | mutation]
  3991 | D:5      | Reached XP level 8. HP: 49/56 MP: 10/10
  4110 | D:5      | Killed Grinder
  4146 | D:5      | Reached skill level 7 in Staves
  4179 | D:5      | Reached * piety under Nemelex Xobeh
  4371 | D:5      | Noticed Blork the orc
  4399 | D:5      | Killed Blork the orc
  4455 | D:5      | Reached XP level 9. HP: 48/65 MP: 12/12
  4729 | D:3      | Bought a scroll of summoning for 114 gold pieces
  4775 | D:3      | Bought a scroll of magic mapping for 38 gold pieces
  4849 | D:6      | Received a gift from Nemelex Xobeh
  4882 | D:6      | Found an ancient bone altar of Kikubaaqudgha.
  4912 | D:6      | Noticed Dowan
  4912 | D:6      | Noticed Duvessa
  4932 | D:6      | Killed Duvessa
  4942 | D:6      | Killed Dowan
  4943 | D:6      | Reached skill level 8 in Staves
  4943 | D:6      | Reached skill level 5 in Armour
  5060 | D:6      | Noticed Pikel
  5061 | D:6      | Killed Pikel
  5062 | D:6      | Reached skill level 5 in Invocations
  5087 | D:6      | Found an opulent altar of Gozag.
  5292 | D:7      | Reached ** piety under Nemelex Xobeh
  5403 | D:7      | Reached skill level 9 in Staves
  5545 | D:7      | Reached XP level 10. HP: 27/71 MP: 14/14
  6103 | D:8      | Found an iron altar of Okawaru.
  6134 | D:8      | Received a gift from Nemelex Xobeh
  6156 | D:8      | Noticed a harpy
  6156 | D:8      | a yak changed into a harpy
  6158 | D:8      | Identified the -1 quarterstaff of Bouniuj {freeze, Will+}
  6165 | D:8      | Killed a harpy
  6166 | D:8      | Reached skill level 10 in Staves
  6259 | D:8      | Noticed Maggie
  6275 | D:8      | Killed Maggie
  6766 | D:9      | Found a staircase to the Orcish Mines.
  6849 | D:9      | Reached *** piety under Nemelex Xobeh
  6872 | D:9      | Noticed a two-headed ogre
  6882 | D:9      | Slain by a two-headed ogre

Illustrated notes

Levels and vault maps discovered:
D:1:      amcnicky_arrival_gap_in_the_tavern_cellar, layout_basic, serial_shops,
          nicolae_shop_statue_plus, minmay_stone_trees_medium
D:2:      layout_rooms, shapermc_ecumenical_altar_ellora, basic_altar,
          minmay_heptomino_w4, uniq_robin
D:3:      layout_rooms, serial_shops, nicolae_shop_behind_doors,
          nicolae_shop_crystal, shop, nicolae_shop_trees, shop_fountains,
          kennysheep_doodads
D:4:      layout_cave_pods, minmay_temple_entry_glass, grunt_ministairs_12
D:5:      layout_cave_pools, guppyfry_early_orc_mine, uniq_ijyb,
          uniq_blork_the_orc, uniq_grinder
D:6:      layout_basic, mainiacjoe_overflow_chevrons,
          nicolae_kikubaaqudgha_miasma_corner, uniq_duvessa, uniq_pikel
D:7:      layout_rooms
D:8:      layout_gridville, mainiacjoe_overflow_catwalk, uniq_maggie
D:9:      layout_basic, david_orc_5, minmay_stone_trees_small
Temple:   jpeg_temple_clearing

Skill      XL: |  1  2  3  4  5  6  7  8  9 10 |
---------------+-------------------------------+-----
Shields        | 4 5 6 8 9 |  9.2
Staves         | 3 4 5 6 7 9 10 | 10.6
Fighting       | 4 |  4.0
Armour         | 4 6 7 |  7.3
Invocations    | 1 2 4 6 7 |  7.6

Action                   |  1- 3 |  4- 6 |  7- 9 | 10-12 || total
-------------------------+-------+-------+-------+-------++-------
Melee: Quarterstaff      |    81 |   172 |   280 |   230 ||   763
Throw: Dart              |       |       |    18 |     4 ||    22
Invok: Draw Destruction  |       |       |     3 |     4 ||     7
       Draw Summoning    |       |       |       |     2 ||     2
Evoke: Wand              |       |       |       |    18 ||    18
  Use: Scroll            |     1 |     3 |     1 |     1 ||     6
       Potion            |       |     5 |     1 |     2 ||     8
 Stab: Invisible         |       |     1 |     3 |       ||     4
       Distracted        |       |       |       |     1 ||     1
Armor: Scale mail        |    34 |    76 |    13 |       ||   123
       Plate armour      |       |       |   144 |   103 ||   247
       Chain mail        |       |       |       |    38 ||    38
Dodge: Dodged            |    43 |    75 |    77 |    61 ||   256
Block: Buckler           |    15 |    38 |    83 |     2 ||   138
       Kite shield       |       |       |       |   127 ||   127

Table legend: (Time is in decaauts)
 A = Elapsed time spent in this place.
 B = Non-inter-level travel time spent in this place.
 C = Inter-level travel time spent in this place.
 D = Time resting spent in this place.
 E = Time spent auto-exploring this place.
 F = Levels seen in this place.
 G = Mean time per level.
                   A        B        C        D        E       F      G
               +--------+--------+--------+--------+--------+-----+--------+
         Total |   6894 |   6344 |    550 |    316 |   4185 |  10 |  689.4 |
       Dungeon |   6749 |   6210 |    539 |    316 |   4071 |   9 |  749.9 |
        Temple |    144 |    133 |     11 |      0 |    114 |   1 |  144.0 |
               +--------+--------+--------+--------+--------+-----+--------+

Top non-repeatable levels by time:
     D:1: 1385 daAuts
     D:4: 1108 daAuts
     D:5: 820 daAuts
     D:8: 788 daAuts
     D:3: 721 daAuts
     D:2: 678 daAuts
     D:7: 619 daAuts
     D:6: 453 daAuts
     D:9: 173 daAuts
  Temple: 144 daAuts
